cohdb
Replays
Latest Replays
All Replays
Popular Replays
Top Player Replays
Match Explorer
How It Works
Community
CoH3 Stats
Reddit
Sign in to upload your games and track your stats! →
Sign in with Steam
Match 41706769
Unlisted
Match 41706769
Overview
Messages
Build Orders
End
Construct Barracks
Riflemen Squad
Riflemen Squad
Construct Weapon Support Center
M1919 Machine Gun Team
Riflemen Squad
Air Support Center
M1 Mortar Team
Bazooka Squad
P-47 Dive Bomb
Bazooka Squad
Construct Medical Station
P-47 Strafing Run
Selects Advanced Infantry Battlegroup
Selects Convert to Ranger Squad
Selects Frontline Medical Station
Selects Artillery Observers
Convert to Ranger Squad
Гетьман
Katcapokosilka
오렌지플래닛
SharkLuv3r
BIOHAZARD
=BIA=Daghito
demenza058
Andreuz
0
0
Comments
sign in to comment!
No comments posted yet!